Elvis, lawful male human Samurai ------- --..|`.. --...#. --------- --....|-+------+-- --+---- --%......-- --.....#..........------ ......|------ --------.........----.....--.........o.....#.......#.....| --......[...}}}...%.......--.....o..........o...........`.| |<....[%^...}{}...........-...%oo......................o_.+ --....[.....}}}...........--..o%....o...................`.| --------.........----.....--.@o....o...o...#.......#.....| --.......-- --.....#..........------ .....|------ --------- --....|-+------+-- -+---- --...#. --..| --- Elvis the Ninja Experience level: 8 Strength: 17 Dexterity: 16 Constitution: 18 Intelligence: 10 Wisdom: 9 Charisma: 7 Health: 0(82) Energy: 29(29) Def: 11 Gold: 50 Moves: 3773 Dungeon seed: Pv_AgMLtSeJywEk2 Game ID: Elvis_1496934645 Your Inventory: Coins $ - 50 gold pieces Weapons a - a rusty +0 katana (weapon in hand) b - a +0 wakizashi c - a blessed +0 yumi (alternate weapon; not wielded) d - 20 +0 ya (in quiver) n - 21 +0 arrows x - a thoroughly rusty +0 long sword Armor e - an uncursed rustproof +0 splint mail (being worn) o - an uncursed +0 pair of high boots (being worn) q - an uncursed +0 pair of fumble boots u - a cursed -1 helm of opposite alignment v - an uncursed +0 dwarvish iron helm (being worn) y - an uncursed +0 pair of iron shoes z - an uncursed +0 pair of gauntlets of dexterity (being worn) T - an uncursed +0 dwarvish cloak (being worn) Comestibles l - an uncursed giant spider corpse I - an uncursed tin of giant rat meat J - 2 cursed tins of floating eye meat Scrolls h - an uncursed scroll of remove curse B - an uncursed scroll of confuse monster F - a blessed scroll of fire N - an uncursed scroll of teleportation W - an uncursed scroll of light Spellbooks X - an uncursed spellbook of detect unseen Potions g - a cursed potion of gain energy k - 3 uncursed potions of healing w - a blessed potion of extra healing E - an uncursed potion of acid K - a potion of holy water M - an uncursed potion of object detection R - an uncursed potion of blindness Rings j - an uncursed ring of invisibility D - a cursed ring of protection from shape changers S - an uncursed ring of free action (on left hand) U - an uncursed ring of polymorph control (on right hand) Wands C - a wand of magic missile (0:2) G - a wand of striking (0:5) P - a wand of cancellation (0:2) Q - a wand of striking (0:4) Z - a wand of digging (0:8) Tools f - an uncursed oil lamp (0:1104) m - 4 blessed tallow candles (0:200) p - 4 uncursed wax candles (0:400) s - 2 uncursed tallow candles (0:200) t - an uncursed magic lamp (lit) A - an uncursed towel H - an uncursed magic lamp L - an uncursed magic whistle O - an uncursed towel V - an uncursed pair of lenses Y - an uncursed stethoscope Spells and supernatural/magical abilities: Name Level Category Fail Memory W - pray for help -- divine ? -- Your skills at the end: Fighting Skills martial arts [Basic] wands [Basic] Weapon Skills short sword [Basic] long sword [Expert] bow [Basic] Spellcasting Skills Final Attributes: You were piously aligned. You were cancelled. You had polymorph control. You were fast. You had free action. You are dead. Vanquished creatures: The Oracle 2 large mimics a baby purple worm a mumak 2 giant spiders an ice vortex a gnome king an owlbear a dog 2 jaguars a gnome mummy a wood nymph 2 Mordor orcs an orc shaman a yellow light 11 gnome lords 3 gnomish wizards a red naga hatchling a guardian naga hatchling a straw golem a kitten 2 dwarves 5 hill orcs a centipede a giant bat 2 orc zombies an iguana 3 killer bees 2 acid blobs 2 gas spores a large kobold 5 hobgoblins 4 cave spiders a green mold 42 gnomes 4 geckos 2 jackals a fox 3 goblins 3 sewer rats a grid bug 2 bats 4 lichens 5 newts 134 creatures vanquished. Voluntary challenges: You had been an atheist until turn 2364. You used a wielded weapon 225 times, starting on turn 72. You read items or engraved 2 times, starting on turn 1702. You never genocided any monsters. You never polymorphed an object. You never changed form. You used no wishes. You never split a pudding. You never wrote Elbereth's name. You never violated your personal moral code. Dungeon overview: The Dungeons of Doom: levels 1 to 8 Level 1 a fountain a long staircase Level 2 a fountain Level 3 an armor shop stairs to The Gnomish Mines Level 4 an armor shop Level 5 Level 6 Level 7 a delicatessen Level 8 a fountain The Gnomish Mines: levels 4 to 11 Level 4 stairs to The Dungeons of Doom Level 5 Level 6 Level 7 some shops, a temple to Susanowo, some fountains, some trees Level 8 Level 9 Level 10 Level 11 <- You were here an altar to Moloch, a fountain History has recorded: On T:1 you entered the Dungeons of Doom to retrieve the Amulet of Yendor! On T:116 you reached level 2 of The Dungeons of Doom. On T:208 you advanced to experience level 2. On T:280 you reached level 3 of The Dungeons of Doom. On T:342 you reached level 1 of The Gnomish Mines. On T:349 you advanced to experience level 3. On T:389 you advanced to experience level 4. On T:498 you reached level 2 of The Gnomish Mines. On T:561 you advanced to experience level 5. On T:780 you reached level 4 of The Dungeons of Doom. On T:985 you reached level 5 of The Dungeons of Doom. On T:1267 you reached level 6 of The Dungeons of Doom. On T:1484 you reached level 7 of The Dungeons of Doom. On T:1513 you advanced to experience level 6. On T:1664 you reached level 8 of The Dungeons of Doom. On T:2218 you reached level 3 of The Gnomish Mines. On T:2298 you reached level 4 of The Gnomish Mines. On T:2340 you advanced to experience level 7. On T:2736 you reached level 5 of The Gnomish Mines. On T:3072 you reached level 6 of The Gnomish Mines. On T:3327 you reached level 7 of The Gnomish Mines. On T:3553 you advanced to experience level 8. On T:3709 you reached level 8 of The Gnomish Mines. Score breakdown: Gold: 50 ( 5808 points) Experience: 8 levels (14739 points) Exploration: 11 levels ( 21.57%) (13416 points) Discoveries: 13 items ( 5.24%) ( 6868 points) Valuables value: (no points given unless you survive) Artifact value: 0 ( 0 points) Variety of kills: 44 monsters ( 11.49%) (10168 points) Turncount: 3773 turns ( -938 points) Survival: died (score multiplied by 80%) Total score: 40048 Latest messages: The hobgoblin wields a crude dagger! You hit the hill orc! The hill orc hits! You kill the hill orc! You hit the hill orc! The hill orc misses. The hill orc wields a curved sword! The hill orc misses. The hill orc wields a curved sword! You hit the hill orc! The hill orc picks up a shito from the floor. The hill orc drinks a golden potion! The hill orc looks better. You hit the hill orc! The hill orc hits! The hill orc swings his curved sword at you. The hill orc misses. You hit the hill orc! The hobgoblin throws a crude dagger! The orcish dagger hits the hill orc. The hill orc swings his curved sword at you. The hill orc hits! (2x) The hill orc picks up an orcish dagger from the floor. The hill orc swings his curved sword at you. The hill orc hits! You die... Final status: Sayonara Elvis the Samurai, killed by a hill orc... You died in The Gnomish Mines on dungeon level 11 with 40048 points, and 50 pieces of gold, after 3773 moves. You were level 8 with a maximum of 82 hit points when you died.